 Dungeon Crawl Stone Soup version 0.20.1-1-g8b1a95d (webtiles) character file.

274 dvd the Changer (level 6, -13/25 HPs)
             Began as a Felid Transmuter on Oct 6, 2017.
             Killed by nerve-wracking pain
             ... invoked by Menkaure
              (14 damage)
             ... on level 4 of the Dungeon.
             The game lasted 00:18:34 (5384 turns).

dvd the Changer (Felid Transmuter)                  Turns: 5384, Time: 00:18:35

Health: -13/25     AC:  2    Str:  6    XL:     6   Next: 3%
Magic:  12/12      EV: 23    Int: 17    God:
Gold:   220        SH:  0    Dex: 21    Spells: 6/12 levels left
                                        Lives:  0   Deaths: 2

rFire    + . .     SeeInvis +     - Unarmed
rCold    . . .     Gourm    .   (shield unavailable)
rNeg     . . .     Faith    .   (armour unavailable)
rPois    x         Spirit   .   (helmet unavailable)
rElec    .         Reflect  .   (cloak unavailable)
rCorr    +         Harm     .   (gloves unavailable)
MR       .....                  (boots unavailable)
Stlth    +++.......             (no amulet)
Regen    0.1/turn               k - ring of resist corrosion
MPRegen  0.2/turn               f - ring of protection from fire

@: spider-form (expiring)
A: no armour, no weapons or thrown items, stealth, see invisible, carnivore 3,
slow metabolism 1
a: End Transformation


You were on level 4 of the Dungeon.
You were completely stuffed.
You were a venomous arachnid creature.
You visited 1 branch of the dungeon, and saw 4 of its levels.

You collected 220 gold pieces.

Inventory:

Jewellery
 f - a ring of protection from fire (right front leg)
 k - a ring of resist corrosion (left front leg)
Scrolls
 g - a scroll of teleportation {unknown}
 i - a scroll of blinking {unknown}
 j - a scroll of enchant armour {unknown}
 l - a scroll of recharging {unknown}
 n - 3 scrolls of remove curse {unknown}
 o - a scroll of immolation {unknown}
 p - a scroll of fear {unknown}
 r - a scroll of identify {unknown}
 u - a scroll of enchant weapon {unknown}
Potions
 e - a potion of agility {unknown}
 h - a potion of berserk rage {unknown}
 m - a potion of might {unknown}
 q - a potion of haste {unknown}
 s - a potion of ambrosia {unknown}
 v - a potion of mutation {unknown}
Books
 b - a book of Changes

   Spells                             Type                      Level
   a - Beastly Appendage              Transmutation                1
   b - Sticks to Snakes               Transmutation                2
   c - Spider Form                    Transmutation/Poison         3
   d - Ice Form                       Ice/Transmutation            4
   e - Blade Hands                    Transmutation                5
Comestibles
 a - 2 chunks of flesh
 c - 3 meat rations
 d - a royal jelly


   Skills:
 + Level 1.4 Fighting
 + Level 3.9 Dodging
 + Level 3.1 Stealth
 + Level 4.7 Unarmed Combat
 + Level 3.6 Spellcasting
 * Level 5.8 Transmutations


You had 6 spell levels left.
You knew the following spells:

 Your Spells              Type           Power        Failure   Level  Hunger
a - Beastly Appendage     Tmut           ###...       7%          1    None
b - Sticks to Snakes      Tmut           ###.....     9%          2    ##.....
c - Spider Form           Tmut/Pois      ##........   32%         3    ###....


Dungeon Overview and Level Annotations

Branches:
Dungeon (4/15)
 Temple: D:4-7

Altars:

Shops:
D:4 *

Annotations:
D:2 Sigmund
D:3 Grinder, Terence
D:4 Menkaure


Innate Abilities, Weirdness & Mutations

You cannot wear armour.
You are incapable of wielding weapons or throwing items.
Your paws allow you to move quietly. (Stealth)
((You have sharp claws.))
((You have razor-sharp teeth.))
You have supernaturally acute eyesight. (SInv)
You are carnivorous and can eat meat at any time.
((You cover ground quickly.))
((You are covered in thick fur. (AC +2)))
You have a slow metabolism.
((Your sharp claws are effective at attacking unaware monsters.))


Message History

Ouch! That really hurt!
* * * LOW HITPOINT WARNING * * *
You hit Menkaure.
Menkaure is moderately damaged.
Menkaure gestures at you while chanting.
You resist with significant effort.
Unknown command.
Okay, then.
Unknown command.
You aren't carrying any items that you can evoke.
Unknown command.
Unknown command.
Okay, then.
Unknown command.
You hit Menkaure.
Menkaure is severely damaged.
Menkaure gestures at you while chanting.
Pain shoots through your body!
Ouch! That really hurt!
You die...

#.#...# ##.#.# .#
.......M### #.#.#.#
#.#.## .# .......)..
#.#.#.####.#.###.#
...##..###
#.#.#....####....# #8.
# ###.#.#....# #....#
##..###
....#.#....####....###
8.∩.8..
#####.#................
##..###
#.####.##.#M######.
..8. # #.####.##...s..#
... # #
#......####...>.# #
##########.# ####..# .
......<.>..# <.# #
##########.# .# .# #
#.# .. .. #.# ## .# #.#
#.#


You could see Menkaure.

Vanquished Creatures
  A crocodile (D:4)
  2 scorpions (D:4)
  A howler monkey (D:4)
  An orc priest (D:4)
  An iguana (D:4)
  Jessica (D:3)
  A worker ant (D:4)
  Natasha (thrice) (D:4)
  An orc wizard (D:4)
  Robin (D:4)
  7 adders
  2 gnolls
  An ooze (D:2)
  2 worms (D:2)
  3 dart slugs
  2 leopard geckos (D:4)
  6 orcs
  3 giant cockroaches
  13 goblins
  5 hobgoblins
  5 jackals
  2 quokkas
  8 bats
  6 frilled lizards
  3 kobolds
  A leopard gecko skeleton (D:4)
  10 rats
92 creatures vanquished.

Vanquished Creatures (collateral kills)
  An orc priest (D:3)
  2 gnolls
  An adder (D:4)
4 creatures vanquished.

Grand Total: 96 creatures vanquished

Notes
Turn   | Place    | Note
-------+----------+-------------------------------------------
     0 | D:1      | dvd the Felid Transmuter began the quest for the Orb.
     0 | D:1      | Reached XP level 1. HP: 9/9 MP: 4/4
   711 | D:1      | Reached XP level 2. HP: 4/12 MP: 4/6
  1114 | D:1      | Learned a level 2 spell: Sticks to Snakes
  1546 | D:2      | Reached XP level 3. HP: 14/15 MP: 4/7
  1612 | D:2      | Reached skill level 1 in Stealth
  1978 | D:2      | Learned a level 3 spell: Spider Form
  2191 | D:2      | Noticed Sigmund
  2407 | D:2      | Reached skill level 3 in Transmutations
  2481 | D:3      | Noticed Jessica
  2487 | D:3      | Killed Jessica
  2487 | D:3      | Reached XP level 4. HP: 19/19 MP: 4/8
  2765 | D:3      | Noticed Grinder
  2769 | D:3      | Paralysed by Grinder for 5 turns
  3889 | D:3      | Reached XP level 5. HP: 17/22 MP: 4/10
  4093 | D:3      | Noticed Terence
  4148 | D:3      | Reached skill level 4 in Transmutations
  4152 | D:4      | Noticed Robin
  4265 | D:4      | Noticed Natasha
  4300 | D:4      | Killed from afar by Natasha
  4301 | D:4      | Reached XP level 4. HP: -2/19 MP: 1/9
  4301 | D:4      | Killed Natasha
  4301 | D:4      | Reached XP level 5. HP: 22/22 MP: 10/10
  4302 | D:4      | Noticed Natasha
  4308 | D:4      | Killed Natasha
  4392 | D:4      | Noticed a crocodile
  4403 | D:4      | Killed a crocodile
  4403 | D:4      | Reached skill level 5 in Transmutations
  4496 | D:4      | Gained mutation: You are covered in thick fur. (AC +2) [Felid growth]
  4496 | D:4      | Reached XP level 6. HP: 25/25 MP: 8/11
  4525 | D:4      | Noticed Natasha
  4541 | D:4      | Killed Natasha
  5059 | D:4      | Killed Robin
  5304 | D:4      | Found Hous's General Store.
  5330 | D:4      | Noticed Menkaure
  5341 | D:4      | Reached XP level 7. HP: 26/28 MP: 9/13
  5349 | D:4      | Demolished by Menkaure
  5350 | D:4      | Reached XP level 6. HP: -15/25 MP: 10/12
  5382 | D:4      | HP: 1/25 [Menkaure (21)]
  5384 | D:4      | Killed from afar by Menkaure

Skill      XL: |  1  2  3  4  5 |
---------------+----------------+-----
Stealth        | 1 2 3 |  3.1
Transmutations | 3 5 |  5.8
Dodging        | 3 |  3.9
Spellcasting   | 3 |  3.6
Unarmed Combat | 4 |  4.7
Fighting       | |  1.4

Action                   |  1- 3 |  4- 6 |  7- 9 || total
-------------------------+-------+-------+-------++-------
Melee: Unarmed           |   126 |   188 |     7 ||   321
       Bite              |    14 |     3 |       ||    17
       Headbutt          |     5 |     3 |       ||     8
       Punch             |     2 |     1 |       ||     3
 Cast: Beastly Appendage |    27 |     3 |       ||    30
       Sticks to Snakes  |     3 |    19 |       ||    22
       Spider Form       |     1 |    22 |       ||    23
  Use: Potion            |       |     5 |       ||     5
 Stab: Sleeping          |     5 |     6 |       ||    11
       Distracted        |     1 |       |       ||     1
  Eat: Chunk             |    11 |    21 |       ||    32
Armor: Skin              |     6 |     4 |       ||    10
Dodge: Dodged            |    94 |   149 |     5 ||   248
